 Dungeon Crawl Stone Soup version 0.30-a0-777-ga9a30cbeda (webtiles) character file.

Game seed: 6784386498322956157

102 a11behringer the Cudgeller (level 4, -4/60 HPs)
             Began as an Armataur Berserker on Feb 14, 2023.
             Was a Believer of Trog.
             Constricted to death by Grinder (10 damage)
             ... on level 3 of the Dungeon.
             The game lasted 00:05:05 (1957 turns).

a11behringer the Cudgeller (Armataur Berserker)     Turns: 1957, Time: 00:05:05

Health: -4/60      AC:  4    Str: 24    XL:     4   Next: 50%
Magic:  4/4        EV:  7    Int:  7    God:    Trog [**....]
Gold:   63         SH:  0    Dex: 10    Spells: 3/3 levels left

rFire   . . .      SeeInvis .    a - +0 mace
rCold   . . .      Faith    .    (no shield)
rNeg    . . .      Spirit   .    b - +0 animal skin
rPois   .          Reflect  .    (no helmet)
rElec   .          Harm     .    (no cloak)
rCorr   .          Roll     +    (no gloves)
Will    ++...                    (no barding) Stlth
                                 (no amulet)
HPRegen 1.30/turn                (no ring)
MPRegen 0.09/turn                (no ring)

@: berserking, grasped by roots, strong-willed (expiring), regenerating
(expiring), constricted, very quick
A: large, rugged brown scales 3, deformed body, armoured tail, roll, long
tongue, awkward tongue
a: Renounce Religion, Berserk, Trog's Hand


You were on level 3 of the Dungeon.
You worshipped Trog.
Trog was pleased with you.
You visited 1 branch of the dungeon, and saw 3 of its levels.

You collected 63 gold pieces.

Inventory:

Hand Weapons
 a - a +0 mace (weapon)
Missiles
 i - 5 boomerangs (quivered)
Armour
 b - a +0 animal skin (worn)
Scrolls
 c - a scroll of magic mapping {unknown}
 d - a scroll of summoning {unknown}
 e - a scroll of enchant armour {unknown}
 f - a scroll of fear {unknown}
 j - a scroll of teleportation {unknown}
 k - a scroll of noise {unknown}
 l - a scroll of silence {unknown}
Potions
 g - 2 potions of heal wounds {unknown}
 h - 3 potions of curing {unknown}
 m - a potion of degeneration {unknown}


   Skills:
 + Level 3.2 Fighting
 * Level 3.7 Maces & Flails
 + Level 3.3 Armour
 + Level 2.0 Dodging


You had 3 spell levels left.
You didn't know any spells.
Your spell library was empty.

Dungeon Overview and Level Annotations

Branches:
Dungeon (3/15)

Altars:
Ashenzari
Vehumet
Wu Jian
Zin

Shops:
D:1 (

Annotations:
D:3 Grinder


Innate Abilities, Weirdness & Mutations

You are completely covered in rugged brown scales. (AC +3, +7% HP)
Armour fits poorly on your strangely shaped body.
You have a long armoured tail.
You roll when moving toward enemies. (Rampage)
Your long tongue fully drains potion bottles. (2x potion effects)
Your tongue gives you trouble enunciating. (1.5x scroll delay)


Message History

The hobgoblin hits you. x3
Grinder drinks a potion.
Grinder seems to grow stronger.
The hobgoblin hits you but does no damage.
Grinder hits you but does no damage.
You can move again.
Your skin crawls.
You feel strong-willed.
The hobgoblin hits you but does no damage.
Grinder closely misses you.
A red film seems to cover your vision as you go berserk!
You feel yourself moving faster!
You feel mighty! The hobgoblin closely misses you. Grinder hits you!
You writhe in agony.
You hit Grinder. You tail-slap Grinder.
Grinder is lightly wounded.
The hobgoblin hits you. Grinder hits you.
You writhe in agony.
You barely miss Grinder.
Grinder is lightly wounded.
You feel the effects of Trog's Hand fading.
You closely miss Grinder.
Your tail-slap misses Grinder.
Grinder is lightly wounded.
A frilled lizard comes into view.
The hobgoblin barely misses you.
Grinder zaps a wand.
The roots erupt in riotous growth!
The grasping roots grab you!
Grinder is unaffected.
The hobgoblin is unaffected.
The grasping roots constrict you!
* * * LOW HITPOINT WARNING * * *
You closely miss Grinder.
Grinder is lightly wounded.
The hobgoblin barely misses you. Grinder hits you.
* * * LOW HITPOINT WARNING * * *
You writhe in agony.
* * * LOW HITPOINT WARNING * * *
The grasping roots constrict you.
* * * LOW HITPOINT WARNING * * *
You hit Grinder.
Grinder is moderately wounded.
The hobgoblin barely misses you. Grinder barely misses you.
The grasping roots constrict you!
You die...

..##.## .# #......# #.#
##......# #.#
###........# #.#
#...#......#### #.#
###.# #.........## #.#
##...###.##.......#
##.###.....†............
...[.....#......@5......
##.#†#####......g.......
##...###................
#....)...######.........
...##........ ........$.
.#....)........!..l.....
........................
##.....###..............
....#### ##


You could see Grinder (strong), a hobgoblin and a frilled lizard.

Vanquished Creatures
  4 adders
  2 worms (D:3)
  A dart slug (D:2)
  5 bats
  3 endoplasms
  3 giant cockroaches
  7 goblins
  7 hobgoblins
  2 quokkas
  6 ball pythons
  4 frilled lizards
  5 kobolds
  8 rats
57 creatures vanquished.

Vanquished Creatures (others)
  A rat (D:2)
1 creature vanquished.

Grand Total: 58 creatures vanquished

Notes
Turn   | Place    | Note
-------+----------+-------------------------------------------
     0 | D:1      | a11behringer the Armataur Berserker began the quest for the
                  | Orb.
     0 | D:1      | Reached XP level 1. HP: 19/19 MP: 1/1
   101 | D:1      | Found Tecaps's Weapon Shop.
   128 | D:1      | Found a faded altar of an unknown god.
   185 | D:1      | Reached XP level 2. HP: 23/26 MP: 2/2
   662 | D:1      | Reached ** piety under Trog
   663 | D:1      | Reached XP level 3. HP: 32/32 MP: 3/3
  1340 | D:2      | Reached XP level 4. HP: 34/40 MP: 4/4
  1678 | D:3      | Found an ornate altar of the Wu Jian Council.
  1697 | D:3      | Found a glowing silver altar of Zin.
  1699 | D:3      | Found a broken altar of Ashenzari.
  1699 | D:3      | Found a radiant altar of Vehumet.
  1942 | D:3      | Noticed Grinder
  1946 | D:3      | Paralysed by Grinder for 5 turns
  1957 | D:3      | Constricted to death by Grinder

Illustrated notes

Levels and vault maps discovered:
D:1:      onia_arrival_pentagram, layout_loops_ring,
          dreamdust_ecumenical_altar_statues, serial_shops, nicolae_square_shop
D:2:      layout_loops_ring, lemuel_flame_loot_1
D:3:      minmay_door_path, layout_rooms, grunt_temple_overflow_open,
          okawaru_gym_becter, minmay_close_crescents, uniq_grinder

Skill      XL: |  1  2  3  4 |
---------------+-------------+-----
Maces & Flails | 3 |  3.7
Fighting       | 3 |  3.2
Armour         | 3 |  3.3
Dodging        | 2 |  2.0

Action                     |  1- 3 |  4- 6 || total
---------------------------+-------+-------++-------
  Melee: Mace              |   107 |    52 ||   159
         Tailslap          |     7 |     5 ||    12
         Punch             |       |     3 ||     3
 Invoke: Berserk           |       |     1 ||     1
         Trog's Hand       |       |     1 ||     1
 Armour: Animal skin       |    44 |    18 ||    62
  Dodge: Dodged            |    46 |    30 ||    76

Table legend: (Time is in decaauts)
 A = Elapsed time spent in this place.
 B = Non-inter-level travel time spent in this place.
 C = Inter-level travel time spent in this place.
 D = Time resting spent in this place.
 E = Time spent auto-exploring this place.
 F = Levels seen in this place.
 G = Mean time per level.
                   A        B        C        D        E       F      G
               +--------+--------+--------+--------+--------+-----+--------+
         Total |   1992 |   1876 |    116 |      0 |   1497 |   3 |  664.0 |
       Dungeon |   1992 |   1876 |    116 |      0 |   1497 |   3 |  664.0 |
               +--------+--------+--------+--------+--------+-----+--------+

Top non-repeatable levels by time:
     D:2: 931 daAuts
     D:1: 774 daAuts
     D:3: 287 daAuts
